 Dungeon Sprint DCSS version 0.22-a0-284-g99d1f7439c (webtiles) character file.

60016 Pristine the Shatterer (level 14, -11/151 HPs)
             Began as a Deep Dwarf Fighter on Mar 22, 2018.
             Was the Champion of Makhleb.
             Mangled by an Orb Guardian (27 damage)
             ... in the Dungeon (Sprint IX: "|||||||||||||||||||||||||||||").
             The game lasted 00:08:06 (2232 turns).

Pristine the Shatterer (Deep Dwarf Fighter)         Turns: 2232, Time: 00:08:07

Health: -11/151    AC: 26    Str: 24    XL:     14   Next: 55%
Magic:  22/22      EV: 12    Int: 10    God:    Makhleb [******]
Gold:   597        SH: 15    Dex: 12    Spells: 13/13 levels left

rFire    + . .     SeeInvis .   F - +1 eveningstar (crush)
rCold    + . .     Gourm    .   c - +0 shield
rNeg     + . .     Faith    .   j - +2 plate armour {rF+}
rPois    +         Spirit   .   r - +0 helmet
rElec    .         Reflect  .   H - +1 cloak
rCorr    .         Harm     .   x - +0 pair of gloves
MR       ++...     NoTele   +   G - +1 pair of boots
Stlth    ..........             (no amulet)
HPRegen  0.00/turn              D - ring of protection from cold
MPRegen  0.18/turn              E - ring of poison resistance

@: non-regenerating
A: damage resistance, heal wounds, negative energy resistance 1, sense
surroundings 2, no regeneration
a: Heal Wounds, Minor Destruction, Lesser Servant of Makhleb, Major Destruction,
Greater Servant of Makhleb, Renounce Religion


You were in the Dungeon.
You worshipped Makhleb.
Makhleb was exalted by your worship.
You were not hungry.

You visited 1 branch You collected 1910 gold pieces.
You spent 1313 gold pieces at shops.

Inventory:

Hand Weapons
 p - a +2 morningstar of protection
 F - a +1 eveningstar of crushing (weapon)
Armour
 c - a +0 shield (worn)
 j - a +2 plate armour of fire resistance (worn)
 r - a +0 helmet (worn)
 x - a +0 pair of gloves (worn)
 G - a +1 pair of boots (worn)
 H - a +1 cloak (worn)
Jewellery
 D - a ring of protection from cold (left hand)
 E - a ring of poison resistance (right hand)
Wands
 o - a wand of acid (6)
 z - a wand of paralysis (18)
Scrolls
 k - 2 scrolls of blinking
 m - 6 scrolls of remove curse
 n - 2 scrolls of amnesia
 s - 2 scrolls of enchant armour
 v - a scroll of fog
 w - 5 scrolls of fear
Potions
 a - a potion of resistance
 b - a potion of berserk rage
 d - a potion of might
 e - 6 potions of curing
 g - 9 potions of heal wounds
 h - 4 potions of haste
 i - 4 potions of magic
 l - a potion of invisibility
 q - a potion of brilliance
Miscellaneous
 B - a lamp of fire
 C - a sack of spiders
Comestibles
 f - 11 rations


   Skills:
 + Level 16.7 Fighting
 * Level 24.3 Maces & Flails
 + Level 13.6 Armour
 + Level 10.2 Dodging
 + Level 17.4 Shields
 * Level 17.5 Evocations


You had 13 spell levels left.
You didn't know any spells.

Dungeon Overview and Level Annotations

Branches:
Dungeon (1/1)

Altars:
Cheibriados
Dithmenos
Elyvilon
Fedhas
Gozag
Hepliaklqana
Kikubaaqudgha
Makhleb
Nemelex Xobeh
Okawaru
Qazlal
Ru
Sif Muna
Trog
Uskayaw
Vehumet
Wu Jian
Xom
Yredelemnul
Zin
The Shining One
Beogh
Jiyva
Lugonu

Shops:
D *}:}


Innate Abilities, Weirdness & Mutations

You are resistant to damage.
You can heal yourself by infusing magical energy.
You resist negative energy. (rN+)
You passively map the area around you.
You do not regenerate.


Message History

The sphinx mumbles some strange words.
You easily resist.
The Orb Guardian hits you!
* * * LOW HITPOINT WARNING * * *
You barely miss the Orb Guardian.
The Orb Guardian is lightly wounded.
The Orb Guardian closely misses you.
You feel much better. The Orb Guardian hits you!
You closely miss the Orb Guardian.
The Orb Guardian is lightly wounded.
You block the sphinx's attack. The sphinx hits you.
The sphinx barely misses you. You block the Orb Guardian's attack.
You miss the Orb Guardian.
The Orb Guardian is lightly wounded.
The hell knight mumbles some strange words.
The hell knight blinks!
The sphinx hits you!!
* * * LOW HITPOINT WARNING * * *
The sphinx hits you!
* * * LOW HITPOINT WARNING * * *
The sphinx hits you but does no damage. The Orb Guardian hits you!!
You die...

[▓.▓∩▓.▓(▓.♣.♣.▓ , *
* .▓.▓)▓.▓.▓.♣.♣.▓.▓
, , ,
.▓.▓∩▓.▓)▓.♣.♣.▓.▓
*, * *
.▓.▓.▓.▓[▓.♣.♣.▓.▓,
,*
.▓.▓∩▓.▓(▓.♣†♣.▓§▓ ,
* .▓.▓.▓.▓.▓.♣'♣.▓.▓
* * * ,* ,
.▓.▓)▓.▓)▓.▓.▓.▓X▓ *
.▓.▓)▓.▓)▓.▓.▓.▓H▓ *
†▓.▓)▓.▓(▓.▓.▓.▓@▓ ,
, ,
†▓.▓)▓.▓(▓.▓.▓.▓X▓,*
, †▓.▓)▓.▓.▓.▓.▓.▓)▓
*
.▓.▓.▓.▓.▓.▓.▓.▓(▓,
,* , ,
.▓.▓.▓.▓.▓.▓.▓.▓)▓ ,
* .▓.▓.▓.▓.▓.▓§▓.▓(▓
* , *,
.▓.▓.▓.▓.▓.▓†▓.▓+▓ *
* *, ,
.▓.▓.▓.▓.▓.▓'▓.▓.▓,*
* * , ,
.▓.▓.▓.▓.▓.▓.▓.▓.▓ ,


You could see a sphinx and 2 Orb Guardians.

Vanquished Creatures
  Rupert (D)
  A lich (D)
  A frost giant (D)
  Aizul (D)
  An emperor scorpion (D)
  3 vault wardens (D)
  A ghost moth (D)
  A very ugly thing (D)
  8 stone giants (D)
  An entropy weaver (D)
  A spark wasp (D)
  A merfolk impaler (D)
  An ettin (D)
  2 fire dragons (D)
  Erolcha (D)
  Harold (D)
  A hydra (D)
  A great orb of eyes (D)
  3 rakshasas (D)
  A spriggan air mage (D)
  3 centaur warriors (D)
  A merfolk avatar (D)
  A catoblepas (D)
  A two-headed ogre (D)
  A ghost crab (D)
  A deep troll earth mage (D)
  A tengu warrior (D)
  2 deep troll shamans (D)
  Sonja (D)
  A deep elf knight (D)
  A swamp dragon (D)
  A glowing orange brain (D)
  2 ironbrand convokers (D)
  An unseen horror (D)
  2 naga ritualists (D)
  An orb spider (D)
  A wolf spider (D)
  6 orc knights (D)
  A deep elf mage (D)
  A necromancer (D)
  A mana viper (D)
  An ugly thing (D)
  An orc sorcerer (D)
  2 cyclopes (D)
  An elephant (D)
  A merfolk siren (D)
  6 black mambas (D)
  A water nymph (D)
  2 naga magi (D)
  2 yaktaurs (D)
  A yaktaur (shapeshifter) (D)
  A kobold demonologist (D)
  A komodo dragon (D)
  2 hornets (D)
  A wind drake (D)
  A polar bear (D)
  2 slime creatures (D)
  A troll (D)
  A jumping spider (D)
  A snapping turtle (D)
  A tyrant leech (D)
  A bog body (D)
  4 blink frogs (D)
  2 hippogriffs (D)
  2 redbacks (D)
  A water elemental (D)
  2 wraiths (D)
  A yak (D)
  4 vampire mosquitoes (D)
  An insubstantial wisp (D)
  A water moccasin (D)
  5 porcupines (D)
  A swamp drake (D)
  21 orc warriors (D)
  An ice beast (D)
  An eye of draining (D)
  2 ogres (D)
  3 centaurs (D)
  A crocodile (D)
  A scorpion (D)
  A crimson imp (D)
  2 hounds (D)
  4 orc wizards (D)
  2 orc priests (D)
  A worker ant (D)
  A leopard gecko (D)
  5 orcs (D)
  A giant cockroach (D)
  A jackal (D)
  2 kobolds (D)
  A frilled lizard (D)
  A leopard gecko skeleton (D)
170 creatures vanquished.

Vanquished Creatures (others)
  A hornet (D)
  A slime creature (D)
  An insubstantial wisp (D)
  A swamp drake (D)
  An orc wizard (D)
5 creatures vanquished.

Grand Total: 175 creatures vanquished

Notes
Turn   | Place    | Note
-------+----------+-------------------------------------------
     0 | D        | Pristine the Deep Dwarf Fighter began the quest for the Orb.
     0 | D        | Reached XP level 1. HP: 20/20 MP: 1/1
    13 | D        | Reached skill level 3 in Maces & Flails
    29 | D        | Reached skill level 4 in Maces & Flails
    42 | D        | Noticed a hound
    42 | D        | Noticed a worker ant
    42 | D        | Noticed a scorpion
    44 | D        | Reached XP level 2. HP: 27/27 MP: 2/2
    49 | D        | Killed a scorpion
    49 | D        | Reached skill level 7 in Maces & Flails
    49 | D        | Reached XP level 3. HP: 33/33 MP: 3/3
    52 | D        | Reached skill level 8 in Maces & Flails
    52 | D        | Reached XP level 4. HP: 40/40 MP: 4/4
    56 | D        | Reached skill level 9 in Maces & Flails
    90 | D        | Found a roughly hewn altar of Beogh.
    90 | D        | Found a snail-covered altar of Cheibriados.
    90 | D        | Found a shadowy altar of Dithmenos.
    90 | D        | Found a white marble altar of Elyvilon.
    90 | D        | Found a blossoming altar of Fedhas.
    90 | D        | Found an opulent altar of Gozag.
    91 | D        | Found a hazy altar of Hepliaklqana.
    92 | D        | Found a viscous altar of Jiyva.
    93 | D        | Found an ancient bone altar of Kikubaaqudgha.
    94 | D        | Found a corrupted altar of Lugonu.
    95 | D        | Found a burning altar of Makhleb.
    96 | D        | Found a sparkling altar of Nemelex Xobeh.
    97 | D        | Found an iron altar of Okawaru.
    98 | D        | Found a stormy altar of Qazlal.
    99 | D        | Found a sacrificial altar of Ru.
   100 | D        | Found a deep blue altar of Sif Muna.
   101 | D        | Found a bloodstained altar of Trog.
   102 | D        | Found a hide-covered altar of Uskayaw.
   103 | D        | Became a worshipper of Makhleb the Destroyer
   104 | D        | Found a radiant altar of Vehumet.
   105 | D        | Found an ornate altar of the Wu Jian Council.
   106 | D        | Found a shimmering altar of Xom.
   107 | D        | Found a basalt altar of Yredelemnul.
   108 | D        | Found a glowing silver altar of Zin.
   109 | D        | Found a glowing golden altar of the Shining One.
   162 | D        | Noticed a centaur
   162 | D        | Noticed an ogre
   162 | D        | Noticed an ogre
   170 | D        | Killed an unseen horror
   170 | D        | Reached skill level 5 in Fighting
   170 | D        | Reached skill level 10 in Maces & Flails
   170 | D        | Reached XP level 5. HP: 31/52 MP: 4/10
   170 | D        | Reached XP level 6. HP: 36/61 MP: 4/11
   170 | D        | Reached XP level 7. HP: 40/67 MP: 4/12
   175 | D        | Reached skill level 11 in Maces & Flails
   179 | D        | Reached * piety under Makhleb
   235 | D        | Noticed a cyclops
   235 | D        | Noticed a wraith
   235 | D        | Noticed a deep elf mage
   235 | D        | Noticed a centaur warrior
   254 | D        | Killed a centaur warrior
   254 | D        | Reached ** piety under Makhleb
   254 | D        | Reached skill level 12 in Maces & Flails
   254 | D        | Reached XP level 8. HP: 46/78 MP: 12/15
   259 | D        | Killed a deep elf mage
   259 | D        | Reached skill level 10 in Evocations
   259 | D        | Gained mutation: You passively map the area around you. [Deep Dwarf growth]
   259 | D        | Reached XP level 9. HP: 58/86 MP: 12/16
   269 | D        | Reached skill level 13 in Maces & Flails
   283 | D        | Killed a cyclops
   286 | D        | Reached *** piety under Makhleb
   410 | D        | Noticed a six-headed hydra
   410 | D        | Noticed a komodo dragon
   410 | D        | Noticed a black mamba
   417 | D        | Killed a black mamba
   417 | D        | Reached skill level 14 in Maces & Flails
   417 | D        | Reached skill level 10 in Shields
   427 | D        | Reached **** piety under Makhleb
   433 | D        | Reached skill level 5 in Dodging
   443 | D        | Killed a komodo dragon
   448 | D        | Killed a six-headed hydra
   448 | D        | Reached skill level 15 in Maces & Flails
   448 | D        | Reached XP level 10. HP: 53/98 MP: 17/17
   450 | D        | Reached ***** piety under Makhleb
   472 | D        | Noticed a black mamba
   472 | D        | Noticed an elephant
   472 | D        | Noticed a catoblepas
   476 | D        | Killed a catoblepas
   476 | D        | Reached skill level 16 in Maces & Flails
   491 | D        | Killed an elephant
   499 | D        | Killed a black mamba
   507 | D        | Reached ****** piety under Makhleb
   523 | D        | Reached skill level 17 in Maces & Flails
   582 | D        | Reached XP level 11. HP: 80/108 MP: 18/18
   587 | D        | Reached skill level 10 in Fighting
   629 | D        | Noticed Erolcha
   642 | D        | Paralysed by Erolcha for 5 turns
   654 | D        | Killed Erolcha
   695 | D        | Noticed Harold
   718 | D        | Killed Harold
   718 | D        | Reached skill level 18 in Maces & Flails
   751 | D        | Noticed an ettin
   764 | D        | Noticed a stone giant
   772 | D        | Killed an ettin
   793 | D        | Killed a stone giant
   853 | D        | Noticed an orc sorcerer
   854 | D        | Noticed an orc knight
   862 | D        | Killed an orc sorcerer
   875 | D        | Killed an orc knight
   906 | D        | Reached skill level 19 in Maces & Flails
   945 | D        | Found Amiden's Gadget Boutique.
   947 | D        | Noticed an orc knight
   974 | D        | Killed an orc knight
   976 | D        | Found Ocrom's Book Shop.
   991 | D        | Found Afaezumo's Gadget Boutique.
   999 | D        | Found Sebbiex's General Store.
  1000 | D        | Noticed an orc knight
  1011 | D        | Noticed an orc knight
  1028 | D        | Killed an orc knight
  1046 | D        | Killed an orc knight
  1115 | D        | Bought a potion of curing for 33 gold pieces
  1121 | D        | Bought a lamp of fire for 480 gold pieces
  1123 | D        | Bought a book of Cantrips for 280 gold pieces
  1123 | D        | Bought a book of Misfortune for 280 gold pieces
  1133 | D        | Bought a sack of spiders for 240 gold pieces
  1165 | D        | Noticed Sonja
  1170 | D        | Killed Sonja
  1170 | D        | Reached XP level 12. HP: 104/122 MP: 18/18
  1315 | D        | Noticed a tengu warrior
  1316 | D        | Noticed a two-headed ogre
  1325 | D        | Killed a tengu warrior
  1326 | D        | Noticed a fire dragon
  1338 | D        | Noticed a red very ugly thing
  1339 | D        | Noticed a stone giant
  1350 | D        | Reached skill level 20 in Maces & Flails
  1361 | D        | Noticed a rakshasa
  1364 | D        | Killed a red very ugly thing
  1367 | D        | Noticed a rakshasa
  1371 | D        | Killed a two-headed ogre
  1374 | D        | Noticed a stone giant
  1382 | D        | Killed a fire dragon
  1397 | D        | Killed a stone giant
  1417 | D        | Killed a rakshasa
  1417 | D        | Reached skill level 10 in Armour
  1466 | D        | Killed a stone giant
  1484 | D        | Killed a rakshasa
  1484 | D        | Reached skill level 15 in Shields
  1603 | D        | Noticed a merfolk impaler
  1622 | D        | Noticed a merfolk avatar
  1627 | D        | Killed a merfolk impaler
  1639 | D        | Reached skill level 21 in Maces & Flails
  1678 | D        | Killed a merfolk avatar
  1706 | D        | Reached XP level 13. HP: 117/133 MP: 18/18
  1715 | D        | Reached skill level 10 in Dodging
  1757 | D        | Noticed an emperor scorpion
  1757 | D        | Noticed an entropy weaver
  1763 | D        | Killed an entropy weaver
  1775 | D        | Noticed a spark wasp
  1778 | D        | Killed an emperor scorpion
  1807 | D        | Killed a ghost moth
  1807 | D        | Reached skill level 22 in Maces & Flails
  1812 | D        | Killed a spark wasp
  1905 | D        | Noticed Aizul
  1920 | D        | Killed Aizul
  1938 | D        | Noticed Rupert
  1954 | D        | Killed Rupert
  1954 | D        | Reached skill level 15 in Evocations
  1984 | D        | Noticed a stone giant
  1984 | D        | Noticed a stone giant
  1989 | D        | Noticed a frost giant
  1992 | D        | Killed a stone giant
  1997 | D        | Reached skill level 15 in Fighting
  2003 | D        | Noticed a fire dragon
  2011 | D        | Killed a stone giant
  2015 | D        | Noticed a stone giant
  2021 | D        | Killed a frost giant
  2021 | D        | Reached skill level 23 in Maces & Flails
  2026 | D        | Gained mutation: You resist negative energy. (rN+) [Deep Dwarf growth]
  2026 | D        | Reached XP level 14. HP: 83/147 MP: 21/21
  2039 | D        | Noticed a stone giant
  2043 | D        | Noticed a lich
  2047 | D        | Killed a stone giant
  2048 | D        | Noticed a stone giant
  2049 | D        | Noticed a Brimstone Fiend
  2062 | D        | Noticed a Brimstone Fiend
  2071 | D        | Killed a stone giant
  2077 | D        | Killed a lich
  2087 | D        | Killed a stone giant
  2129 | D        | Noticed a vault warden
  2129 | D        | Noticed a vault warden
  2129 | D        | Noticed a vault warden
  2144 | D        | Killed a vault warden
  2151 | D        | Killed a vault warden
  2160 | D        | Killed a vault warden
  2160 | D        | Reached skill level 24 in Maces & Flails
  2202 | D        | Noticed a sphinx
  2212 | D        | Noticed an Orb Guardian
  2213 | D        | Noticed an Orb Guardian
  2232 | D        | Mangled by an Orb Guardian

Vault maps used:
D:        linesprint

Skill      XL: |  1  2  3  4  5  6  7  8  9 10 11 12 13 14 |
---------------+-------------------------------------------+-----
Maces & Flails | 4 7 8 10 12 15 17 19 21 23 24 | 24.3
Fighting       | 5 6 7 8 9 12 13 15 16 | 16.7
Armour         | 7 8 9 10 12 13 | 13.6
Dodging        | 2 3 4 5 7 9 10 | 10.2
Shields        | 7 9 10 11 14 15 16 17 | 17.4
Evocations     | 6 9 10 13 15 17 | 17.5

Action                   |  1- 3 |  4- 6 |  7- 9 | 10-12 | 13-15 || total
-------------------------+-------+-------+-------+-------+-------++-------
Melee: Flail             |    41 |     6 |       |       |       ||    47
       Morningstar       |       |     8 |   105 |   336 |       ||   449
       Eveningstar       |       |       |       |   225 |   328 ||   553
 Abil: Heal Wounds       |       |       |     1 |     7 |     4 ||    12
Evoke: Wand              |       |       |       |     4 |       ||     4
  Use: Potion            |     1 |       |       |       |       ||     1
 Stab: Petrified         |       |       |       |     3 |       ||     3
  Eat: Chunk             |       |       |       |     4 |     1 ||     5
       Ration            |       |       |       |       |     1 ||     1
Armor: Scale mail        |     4 |       |       |       |       ||     4
       Ring mail         |       |    11 |    29 |    25 |       ||    65
       Plate armour      |       |       |       |    46 |   117 ||   163
Dodge: Dodged            |    12 |     3 |    43 |   121 |    63 ||   242
Block: Shield            |    24 |     6 |    47 |   210 |   120 ||   407

Table legend:
 A = Spawn XP
 B = Non-spawn XP
 C = Spawn XP percentage of total XP
 D = Spawn monster count
 E = Non-spawn monster count
 F = Spawn count percentage of total count
 G = Total turns spent on level
                    A         B        C        D         E        F      G
               +---------+---------+-------+---------+---------+-------+---------
         Total |       0 |   85738 |   0.0 |       0 |     171 |   0.0 |  2232
               +---------+---------+-------+---------+---------+-------+---------
             D |       0 |   85738 |   0.0 |       0 |     171 |   0.0 |  2232
               +---------+---------+-------+---------+---------+-------+---------
